 Dungeon Crawl Stone Soup version 0.29-a0-369-gd956c00756 (webtiles) character file.

Game seed: 16775591005809746757

125 spaghetti the Magician (level 5, 0/35 HPs)
             Began as a Djinni Necromancer on May 1, 2022.
             Was a Follower of Wu Jian.
             Slain by an endoplasm (1 damage)
             ... on level 3 of the Dungeon.
             The game lasted 00:03:55 (2809 turns).

spaghetti the Magician (Djinni Necromancer)         Turns: 2809, Time: 00:03:56

Health: 0/35       AC:  3    Str:  7    XL:     5   Next: 30%
Gold:   108        EV: 12    Int: 19    God:    Wu Jian [*.....] SH:  0 Dex: 13

rFire   + + .      SeeInvis .   p - staff of cold {!astaff}
rCold   . . .      Faith    .   (no shield)
rNeg    + . .      Spirit   .   a - +0 robe
rPois   ∞          Reflect  .   k - +0 helmet
rElec   .          Harm     .   (no cloak)
rCorr   .          Rampage  .   (no gloves)
Will    .....                   (boots unavailable)
Stlth   ++........              s - amulet of the acrobat
HPRegen 0.11/turn               t - ring of positive energy
MPRegen 0.00/turn               (no ring)

@: attractive, flying, very slightly contaminated
A: sickness immunity, fire resistance 2, cold vulnerability 1, float, innate
caster, HP casting, extra vitality 1
a: Renounce Religion


You were on level 3 of the Dungeon.
You worshipped Wu Jian.
Wu Jian was aware of your devotion.
You visited 1 branch of the dungeon, and saw 3 of its levels.

You collected 108 gold pieces.


Innate Abilities, Weirdness & Mutations

You are immune to sickness and miasma.
You are immune to poison.
Your flesh is very heat resistant. (rF++)
You are vulnerable to cold. (rC-)
You float through the air rather than walking.
You learn spells naturally, not from books.
Your magical power is your life essence.
You have superior vitality. (+4 MHP)


   Skills:
 - Level 2.1 Dodging
 - Level 1.5 Stealth
 + Level 4.9 Spellcasting


You couldn't memorise any spells.
You knew the following spells:

 Your Spells              Type           Power      Damage    Failure   Level
a - Pain                  Necr           92%        1d8       1%          1
b - Animate Skeleton      Necr           46%        N/A       1%          1
c - Vampiric Draining     Necr           23%        2d7       4%          3
d - Animate Dead          Necr           11%        N/A       16%         4
e - Agony                 Necr           23%        N/A       41%         5
f - Sandblast             Erth           46%        2d11      1%          1
g - Ensorcelled Hibernat  Hex/Ice        70%        N/A       2%          2
Your spell library was empty.

Inventory:

Hand Weapons
 e - a +0 whip {mace}
   (You found it on level 1 of the Dungeon)
 j - a +0 whip {mace}
   (You found it on level 1 of the Dungeon)
 l - a +0 club {mace}
   (You took it off a kobold on level 1 of the Dungeon)
 o - a +0 club {mace}
   (You took it off a goblin on level 1 of the Dungeon)
 v - a +2 mace of draining {mace}
   (You took it off an orc on level 3 of the Dungeon)
Missiles
 b - 53 stones {throwing}
 g - 12 poisoned darts {throwing}
 i - 4 boomerangs {throwing}
Armour
 a - a +0 robe (worn)
 k - a +0 helmet (worn)
   (You found it on level 1 of the Dungeon)
Magical Staves
 p - a staff of cold (weapon) {!astaff}
   (You found it on level 2 of the Dungeon)
Jewellery
 s - an amulet of the acrobat (around neck)
   (You found it on level 2 of the Dungeon)
 t - a ring of positive energy (left hand)
   (You found it on level 2 of the Dungeon)
Wands
 q - a wand of polymorph (8)
   (You took it off Robin on level 2 of the Dungeon)
 u - a wand of flame (16)
   (You took it off Jessica on level 2 of the Dungeon)
Scrolls
 c - a scroll of identify {@r1}

Dungeon Overview and Level Annotations

Branches:
Dungeon (3/15)

Altars:
Wu Jian

#..# #..# ##.##
#..# #.... #[.#
#... ##..# #..#
... #..# #J#
#..# #
#@###########).#
#
#.rghg...§§§§§.#
#
#############.##
# #.#### #.....
###### #


You could see a gnoll shaman (inner flame), a gnoll (inner flame), an endoplasm,
a quokka and a jackal (inner flame).


Message History

It was a potion of attraction.
You feel attractive to monsters. The gnoll misses you.
As you read the scroll labelled VYLIX QOAFUP, it crumbles to dust.
It is a scroll of brand weapon.
Your +2 vorpal mace {mace} craves living souls!
v - a +2 mace of draining {mace} The gnoll completely misses you. 😱 HP[+1]
As you read the scroll labelled COHAD YDEFU, it crumbles to dust.
The creatures around you are filled with an inner flame!
It was a scroll of immolation.
The gnoll hits you with a +0 club.
* * * LOW HITPOINT WARNING * * *
😱 HP[-1]
You take 1 damage, and now have 7/35 hp.
As you read the scroll labelled NONAUN NARCH, it crumbles to dust.
You hear a loud clanging noise!
It was a scroll of noise.
The gnoll misses you.
As you read the scroll labelled GADELAMAOTH, it crumbles to dust.
It is a scroll of identify.
You don't have any unidentified items.
The gnoll barely misses you.
You feel better. The gnoll hits you with a +0 club.
* * * LOW HITPOINT WARNING * * *
The gnoll shaman calls upon its god to speed up the gnoll.
The gnoll seems to speed up. 😨 HP[+5]
You regained 5 hp, and now have 12/35 hp.
Okay, then.
Aiming: Polymorph
Press: ? - help, Shift-Dir - straight line, f/p - gnoll
Aim: a gnoll, wielding a +0 club (severely wounded, fast, inner flame, will become a ball python, a quokka, or an orc, chance to affect: 57%)
The gnoll evaporates and reforms as a quokka!
The quokka twitches its whiskers.
The quokka closely misses you. The jackal is attracted toward you.
The gnoll is attracted toward you. The jackal is attracted toward you.
The gnoll is attracted toward you. The jackal is attracted toward you.
The gnoll is attracted toward you. The quokka attacks as you move away!
The quokka completely misses you. The jackal is attracted toward you.
The gnoll is attracted toward you. 😨 HP[+1]
The quokka closely misses you. The jackal is attracted toward you.
The gnoll is attracted toward you. The jackal is attracted toward you.
The gnoll is attracted toward you. The jackal is attracted toward you.
The gnoll is attracted toward you.
A quokka and an endoplasm come into view.
The jackal is attracted toward you. The endoplasm is attracted toward you.
The gnoll is attracted toward you.
Casting: Vampiric Draining (dangerous; 4% risk of failure)
Confirm with . or Enter, or press ? or * to list all spells.
Aiming: Vampiric Draining (dangerous; 4% risk of failure)
Press: ? - help, Shift-Dir - straight line, f - quokka, p - quokka
Aim: a quokka You draw life force from the quokka!
You kill the quokka!
The Council accepts your kill.
You feel life coursing into your body.
* * * LOW HITPOINT WARNING * * *
You hear a bark!
A jackal comes into view.
The quokka closely misses you.
You hear a bark!
Casting: Vampiric Draining (dangerous; 4% risk of failure)
Confirm with . or Enter, or press ? or * to list all spells.
Aiming: Vampiric Draining (dangerous; 4% risk of failure)
Press: ? - help, Shift-Dir - straight line, f - jackal
Aim: a jackal You draw life force from the jackal.
You feel life coursing into your body.
* * * LOW HITPOINT WARNING * * *
The quokka bites you but does no damage.
The jackal barely misses you. The quokka closely misses you. 😨 HP[-1]
You take 1 damage, and now have 12/35 hp.
Casting: Vampiric Draining (dangerous; 4% risk of failure)
Confirm with . or Enter, or press ? or * to list all spells.
Aiming: Vampiric Draining (dangerous; 4% risk of failure)
Press: ? - help, Shift-Dir - straight line, f/p - jackal
Aim: a jackal (almost dead)
You draw life force from the jackal!
You kill the jackal!
The Council accepts your kill.
You feel life coursing into your body.
* * * LOW HITPOINT WARNING * * *
The quokka bites you.
* * * LOW HITPOINT WARNING * * *
😱 HP[-6]
You take 6 damage, and now have 6/35 hp.
Casting: Vampiric Draining (dangerous; 4% risk of failure)
Confirm with . or Enter, or press ? or * to list all spells.
Aiming: Vampiric Draining (dangerous; 4% risk of failure)
Press: ? - help, Shift-Dir - straight line, f - endoplasm
Aim: an endoplasm You miscast Vampiric Draining.
You are very lightly contaminated with residual magic.
Nothing appears to happen.
* * * LOW HITPOINT WARNING * * *
The quokka bites you.
* * * LOW HITPOINT WARNING * * *
The endoplasm hits you.
You die...

Skill      XL: |  1  2 |
---------------+-------+-----
Spellcasting   | 4 |  4.9
Dodging        | |  2.1
Stealth        | |  1.5

Action                   |  1- 3 |  4- 6 || total
-------------------------+-------+-------++-------
Melee: Staff             |     1 |     1 ||     2
 Cast: Pain              |    33 |     2 ||    35
       Vampiric Draining |     4 |    24 ||    28
Invok: Lunge             |     1 |     1 ||     2
Evoke: Wand              |       |     1 ||     1
  Use: Scroll            |       |     4 ||     4
       Potion            |       |     3 ||     3
Armor: Robe              |     2 |     5 ||     7
Dodge: Dodged            |     5 |    20 ||    25

Levels and vault maps discovered:
D:1:      nicolae_arrival_washed_ashore, layout_basic, basic_ecumenical_altar
D:2:      layout_loops_corners, minmay_hedge_maze, uniq_robin, uniq_terence,
          uniq_jessica
D:3:      layout_loops_ring, tgw_kikubaaqudgha

Notes
Turn   | Place    | Note
-------+----------+-------------------------------------------
     0 | D:1      | spaghetti the Djinni Necromancer began the quest for the
                  | Orb.
     0 | D:1      | Reached XP level 1. HP: 15/15 MP: 0/0
     0 | D:1      | magus.rc [v1.9.6]
   821 | D:1      | Reached XP level 2. HP: 18/21 MP: 0/0
   993 | D:1      | Found a faded altar of an unknown god.
  1001 | D:1      | Prayed at the altar of an unknown god.
  1001 | D:1      | Became a worshipper of the Wu Jian Council
  1001 | D:1      | Reached * piety under Wu Jian
  1574 | D:2      | Noticed Robin
  1620 | D:2      | Killed Robin
  1621 | D:2      | Reached skill level 4 in Spellcasting
  1621 | D:2      | Reached XP level 3. HP: 12/25 MP: 0/0
  1621 | D:2      | Learned a level 1 spell: Sandblast
  2113 | D:2      | Noticed Jessica
  2118 | D:2      | Killed Jessica
  2119 | D:2      | Reached XP level 4. HP: 14/31 MP: 0/0
  2380 | D:2      | Noticed Terence
  2385 | D:2      | Killed Terence
  2623 | D:3      | Reached XP level 5. HP: 35/35 MP: 0/0
  2623 | D:3      | Learned a level 2 spell: Ensorcelled Hibernation
  2790 | D:3      | HP: 7/35 [gnoll/+0 club[a gnoll shaman] (5)]
  2808 | D:3      | HP: 6/35 [quokka[a gnoll shaman] (4)]
  2809 | D:3      | HP: 1/35 [quokka[a gnoll shaman] (2)]
  2809 | D:3      | Slain by an endoplasm

Vanquished Creatures
  Jessica (D:2)
  Terence (D:2)
  Robin (D:2)
  A gnoll (D:3)
  An adder (D:3)
  5 orcs (D:3)
  3 bats
  2 endoplasms (D:1)
  9 goblins
  4 hobgoblins (D:2)
  4 jackals (D:3)
  2 quokkas (D:3)
  2 frilled lizards
  A kobold (D:1)
37 creatures vanquished.

Table legend:
 A = Non-vault XP
 B = Vault XP
 C = Vault XP percentage of total XP
 D = Non-vault monster count
 E = Vault monster count
 F = Vault count percentage of total count
                 A         B        C        D         E       F
            +---------+---------+-------+---------+---------+-------
      Total |      74 |     105 |  58.7 |      25 |      12 |  32.4
            +---------+---------+-------+---------+---------+-------
        D:1 |      11 |       0 |   0.0 |       7 |       0 |   0.0
        D:2 |       6 |     105 |  94.6 |       3 |      12 |  80.0
        D:3 |      57 |       0 |   0.0 |      15 |       0 |   0.0
            +---------+---------+-------+---------+---------+-------

Illustrated notes

Table legend:
 A = Kills in this place as a percentage of kills in entire the game.
 B = Kills by you in this place as a percentage of kills by you in the entire game.
 C = Kills by friends in this place as a percentage of kills by friends in the entire game.
 D = Other kills in this place as a percentage of other kills in the entire game.
 E = Experience gained in this place as a percentage of experience gained in the entire game.
 F = Experience gained in this place divided by the number of levels of this place that you have seen.
                   A       B       C       D       E      F
               +-------+-------+-------+-------+-------+----------------------
         Total | 100.0 | 100.0 |   N/A |   N/A | 100.0 |  59.7
       Dungeon | 100.0 | 100.0 |   N/A |   N/A | 100.0 |  59.7
               +-------+-------+-------+-------+-------+----------------------

Table legend: (Time is in decaauts)
 A = Elapsed time spent in this place.
 B = Non-inter-level travel time spent in this place.
 C = Inter-level travel time spent in this place.
 D = Time resting spent in this place.
 E = Time spent auto-exploring this place.
 F = Levels seen in this place.
 G = Mean time per level.
                   A        B        C        D        E       F      G
               +--------+--------+--------+--------+--------+-----+--------+
         Total |   2794 |   2727 |     67 |   1205 |   1281 |   3 |  931.3 |
       Dungeon |   2794 |   2727 |     67 |   1205 |   1281 |   3 |  931.3 |
               +--------+--------+--------+--------+--------+-----+--------+

Top non-repeatable levels by time:
     D:2: 1205 daAuts
     D:1: 1191 daAuts
     D:3: 397 daAuts
